 Dungeon Crawl Stone Soup version 0.25-a0-1024-gbfbf38f (webtiles) character file.

Game seed: 4871547025851984958, levelgen mode: deterministic

410 vertexvortex the Sneak (level 6, -4/48 HPs)
             Began as a Merfolk Assassin on May 12, 2020.
             Slain by an ogre
             ... wielding a +0 giant club
              (12 damage)
             ... while paralysed by Ijyb
             ... on level 4 of the Dungeon.
             The game lasted 00:15:08 (2787 turns).

vertexvortex the Sneak (Merfolk Assassin)           Turns: 2787, Time: 00:15:09

Health: -4/48      AC:  4    Str: 12    XL:     6   Next: 89%
Magic:  6/6        EV:  2    Int: 10    God:
Gold:   169        SH:  0    Dex: 19    Spells: 5/5 levels left

rFire    . . .     SeeInvis .   a - +2 dagger
rCold    . . .     Gourm    .   (no shield)
rNeg     . . .     Faith    .   b - +0 robe
rPois    .         Spirit   .   (no helmet)
rElec    .         Reflect  .   c - +1 cloak
rCorr    .         Harm     .   (no gloves)
MR       .....     Rnd*Tele +   (no boots)
Stlth    +++.......             k - amulet of regeneration
HPRegen  0.56/turn              l - ring of teleportation (curse)
MPRegen  0.10/turn              p - +2 ring of dexterity

@: paralysed
A: change form in water, swift swim, stealthy swim
a: no special abilities


You were on level 4 of the Dungeon.
You were not hungry.

You visited 1 branch of the dungeon, and saw 5 of its levels.

You collected 169 gold pieces.

Inventory:

Hand Weapons
 a - a +2 dagger (weapon)
Missiles
 d - 5 boomerangs
 e - 12 poisoned darts (quivered)
 r - 2 javelins
Armour
 b - a +0 robe (worn)
 c - a +1 cloak (worn)
 m - a +0 buckler
Jewellery
 k - an amulet of regeneration (around neck)
 l - a cursed ring of teleportation (left hand)
 p - a +2 ring of dexterity (right hand)
Scrolls
 g - a scroll of remove curse {unknown}
 h - 4 scrolls of identify
 o - 2 scrolls of blinking {unknown}
Potions
 i - 2 potions of degeneration
 j - a potion of curing {unknown}
 q - a potion of berserk rage {unknown}
 s - a potion of brilliance {unknown}
 t - a potion of magic {unknown}
Comestibles
 f - 3 rations


   Skills:
 * Level 4.3 Fighting
 * Level 6.1 Short Blades
 - Level 2.0 Throwing
 - Level 1.3 Dodging
 + Level 6.1 Stealth


You had 5 spell levels left.
You didn't know any spells.
Your spell library was empty.

Dungeon Overview and Level Annotations

Branches:
Dungeon (5/15)
 Temple: D:4-7

Altars:
Fedhas
Xom

Shops:
D:4 !

Annotations:
D:3 1 runed translucent door, travv0's ghost, amateur TrBe
D:4 Ijyb


Message History

Found a stone staircase leading up.
There is a stone staircase leading up here.
You climb upwards.
Level annotation: Ijyb
Found an encrusted fluorescent wand, a ration and 9 gold pieces.
There is a stone staircase leading down here.
You now have 169 gold pieces (gained 9).
You feel strangely unstable.
You are suddenly yanked towards some nearby monsters!
Your surroundings suddenly seem different.
Ijyb zaps a wand.
You suddenly lose the ability to move!
The ogre hits you with a +0 giant club! Ijyb hits you but does no damage.
The ogre hits you with a +0 giant club!!
Ouch! That really hurt!
* * * LOW HITPOINT WARNING * * *
Ijyb screams, "I dance on your bones!"
Ijyb zaps a wand.
You shrug off the repeated paralysis!
The ogre hits you with a +0 giant club!
You die...

........_....####.....)
##...
.......P.P......#.....
####
.......................
#
..#............(o.#....
#
#...#...........####...
. # ...)..?........# ..
### .........>...$.##
#..... #..
.##........%...###.....
#.#
#..####...O@#..##.....
#.# #.. ##...g.#....#..#
#.# # #..#.#.#.....Z.#
#.# ###.##...........#
###.#
........##....##.###...#
.######.##..∩..........#
#.##.#.#.........#
#.##....(........#
###.####...........#


You could see an ogre, Ijyb and an orc.

Vanquished Creatures
  A scorpion (D:2)
  A howler monkey (D:4)
  2 hounds (D:5)
  An orc priest (D:3)
  A bullfrog skeleton (D:4)
  4 gnolls
  4 adders
  5 worms
  An adder skeleton (D:4)
  2 dart slugs (D:2)
  4 leopard geckos
  11 orcs
  A ball python (D:3)
  2 giant cockroaches
  7 goblins
  10 hobgoblins
  19 jackals
  3 kobolds
  8 bats
  5 frilled lizards
  7 rats
99 creatures vanquished.

Vanquished Creatures (others)
  3 toadstools (D:3)
3 creatures vanquished.

Grand Total: 102 creatures vanquished

Notes
Turn   | Place    | Note
-------+----------+-------------------------------------------
     0 | D:1      | vertexvortex the Merfolk Assassin began the quest for the
                  | Orb.
     0 | D:1      | Reached XP level 1. HP: 16/16 MP: 1/1
   101 | D:1      | Reached XP level 2. HP: 22/22 MP: 2/2
   345 | D:1      | Reached skill level 5 in Stealth
   565 | D:1      | Reached XP level 3. HP: 28/28 MP: 3/3
  1131 | D:2      | Reached XP level 4. HP: 34/34 MP: 4/4
  1346 | D:2      | Reached XP level 5. HP: 35/41 MP: 5/5
  1959 | D:3      | Found a runed translucent door.
  1971 | D:3      | Noticed a sky beast
  1971 | D:3      | Noticed travv0's ghost (amateur TrBe)
  2046 | D:3      | You fall into a shaft and drop 2 floors!
  2046 | D:5      | Entered Level 5 of the Dungeon
  2126 | D:5      | Reached skill level 5 in Short Blades
  2134 | D:5      | Reached XP level 6. HP: 39/47 MP: 6/6
  2186 | D:5      | Found a shimmering altar of Xom.
  2253 | D:5      | HP: 1/48 [hound (6)]
  2572 | D:4      | Found Raypnemm's Distillery.
  2605 | D:4      | Noticed Ijyb
  2610 | D:4      | Found a blossoming altar of Fedhas.
  2613 | D:4      | Paralysed by Ijyb for 4 turns
  2783 | D:4      | Paralysed by Ijyb for 5 turns
  2787 | D:4      | Slain by an ogre

Illustrated notes

Levels and vault maps discovered:
D:1:      dpeg_arrival_castle, layout_basic, minmay_box_of_dots
D:2:      layout_basic
D:3:      layout_loops_ring, ebering_ghost_inner_flame,
          minmay_gold_behind_fungi, minmay_between
D:4:      layout_rooms, fedhas_altar_1, serial_shops, shop, uniq_ijyb
D:5:      layout_basic, minmay_temple_entry_junction, first_ration,
          xom_teletrap_fun

Skill      XL: |  1  2  3  4  5  6 |
---------------+-------------------+-----
Stealth        | 5 6 |  6.1
Short Blades   | 3 4 5 6 |  6.1
Fighting       | 3 4 |  4.3
Throwing       | |  2.0
Dodging        | |  1.3

Action                   |  1- 3 |  4- 6 || total
-------------------------+-------+-------++-------
Melee: Dagger            |   142 |   256 ||   398
Throw: Dart              |     1 |    42 ||    43
       Javelin           |       |     5 ||     5
  Use: Scroll            |       |     5 ||     5
       Potion            |       |     2 ||     2
 Stab: Sleeping          |    11 |     2 ||    13
  Eat: Chunk             |     1 |     5 ||     6
Armor: Robe              |    38 |    55 ||    93
Dodge: Dodged            |   111 |   183 ||   294

Table legend:
 A = Non-vault XP
 B = Vault XP
 C = Vault XP percentage of total XP
 D = Non-vault monster count
 E = Vault monster count
 F = Vault count percentage of total count
                 A         B        C        D         E       F
            +---------+---------+-------+---------+---------+-------
      Total |     579 |       7 |   1.2 |      95 |       4 |   4.0
            +---------+---------+-------+---------+---------+-------
        D:1 |      34 |       1 |   2.9 |      23 |       1 |   4.2
        D:2 |     148 |       0 |   0.0 |      30 |       0 |   0.0
        D:3 |      94 |       6 |   6.0 |      17 |       3 |  15.0
        D:4 |     151 |       0 |   0.0 |      11 |       0 |   0.0
        D:5 |     152 |       0 |   0.0 |      14 |       0 |   0.0
            +---------+---------+-------+---------+---------+-------
